 Dungeon Crawl Stone Soup version 0.21.1-1-g345015fe64 (webtiles) character file.

15209 Oravi the Martial Artist (level 12, 0/94 HPs)
             Began as a Merfolk Transmuter on May 7, 2018.
             Was a High Priest of Okawaru.
             Slain by an orc priest
             ... wielding a +0 war axe of freezing
              (8 damage)
             ... on level 11 of the Dungeon.
             The game lasted 00:37:32 (12416 turns).

Oravi the Martial Artist (Merfolk Transmuter)      Turns: 12416, Time: 00:37:34

Health: 0/94       AC:  6    Str: 10    XL:     12   Next: 24%
Magic:  1/23       EV: 29    Int: 16    God:    Okawaru [*****.]
Gold:   525        SH:  0    Dex: 16    Spells: 11/25 levels left

rFire    . . .     SeeInvis +     - Unarmed
rCold    . . .     Gourm    .   (no shield)
rNeg     . . .     Faith    .   b - +1 robe
rPois    .         Spirit   .   y - +2 helmet
rElec    .         Reflect  .   (no cloak)
rCorr    .         Harm     .   (no gloves)
MR       .....                  (no boots)
Stlth    +++.......             (no amulet)
HPRegen  0.25/turn              D - +5 ring of evasion
MPRegen  0.18/turn              C - ring of see invisible

@: heroism, barbed spikes
A: change form in water, swift swim, stealthy swim
a: Heroism, Finesse, Renounce Religion


You were on level 11 of the Dungeon.
You worshipped Okawaru.
Okawaru was extremely pleased with you.
You were near starving.

You visited 2 branches of the dungeon, and saw 12 of its levels.
You also visited: Ice Cave.

You collected 665 gold pieces.
You spent 140 gold pieces at shops.

Inventory:

Missiles
 a - 255 arrows
Armour
 b - a +1 robe (worn)
 u - a +2 chain mail of fire resistance
 y - a +2 helmet (worn)
 I - the cursed +1 leather armour "Owocky" {+Inv}
   (You took it off an orc on level 9 of the Dungeon)

   It lets you turn invisible.
   It has a curse placed upon it.
 M - the +4 ring mail of the Tick {Int+3 Dex+2}
   (Okawaru gifted it to you on level 10 of the Dungeon)

   It affects your intelligence (+3).
   It affects your dexterity (+2).
Magical Staves
 x - an uncursed staff of death {unknown}
Jewellery
 q - an uncursed ring of flight
 s - the cursed necklace of Bloodlust {*Rage +Rage MR++ Int-3 Slay+6 *Curse}
   (You found it on level 4 of the Dungeon)

   [amulet of rage]

   It affects your intelligence (-3).
   It affects your accuracy and damage with ranged weapons and melee attacks
   (+6).
   It affects your resistance to hostile enchantments.
   It lets you go berserk.
   It may make you go berserk in combat.
   It curses itself when equipped.
   It has a curse placed upon it.
 w - a +3 ring of slaying
 C - a ring of see invisible (right hand)
 D - a +5 ring of evasion (left hand)
Wands
 H - a wand of flame (26)
 J - a wand of disintegration (16)
 K - a wand of enslavement (16)
 L - a wand of paralysis (14)
Scrolls
 h - 7 scrolls of remove curse
 m - 4 scrolls of identify
 v - 2 scrolls of noise
 A - 2 scrolls of enchant weapon
 N - a scroll of immolation {unknown}
Potions
 e - 5 potions of brilliance
 f - a potion of curing
 g - 3 potions of flight
 i - a potion of berserk rage {unknown}
 k - 2 potions of agility
 l - 2 potions of degeneration {unknown}
 n - 4 potions of mutation {unknown}
 o - 2 potions of cancellation {unknown}
 p - 2 potions of might {unknown}
 r - 2 potions of invisibility {unknown}
 z - a potion of haste {unknown}
 E - a potion of lignification {unknown}
 G - 2 potions of ambrosia {unknown}
Books
 c - a book of Changes

   Spells                             Type                      Level
   a - Beastly Appendage              Transmutation                1
   b - Sticks to Snakes               Transmutation                2
   c - Spider Form                    Transmutation/Poison         3
   d - Ice Form                       Ice/Transmutation            4
   e - Blade Hands                    Transmutation                5
 B - a book of Party Tricks

   Spells                             Type                      Level
   a - Summon Butterflies             Summoning                    1
   b - Apportation                    Translocation                1
   c - Lesser Beckoning               Translocation                3
   d - Tukima's Dance                 Hexes                        3
   e - Alistair's Intoxication        Transmutation/Poison         5
   f - Invisibility                   Hexes                        6
 F - a book of Ice

   Spells                             Type                      Level
   a - Ice Form                       Ice/Transmutation            4
   b - Metabolic Englaciation         Hexes/Ice                    5
   c - Ozocubu's Refrigeration        Ice                          6
   d - Bolt of Cold                   Conjuration/Ice              6
   e - Freezing Cloud                 Conjuration/Ice/Air          6
   f - Simulacrum                     Ice/Necromancy               6
Miscellaneous
 O - a lightning rod (4/4)
Comestibles
 d - 25 rations


   Skills:
 + Level 8.3(13.3) Fighting
 + Level 10.2(15.2) Dodging
 * Level 12.4(17.4) Unarmed Combat
 + Level 7.3 Spellcasting
 + Level 10.2 Transmutations
 - Level 6.0 Ice Magic


You had 11 spell levels left.
You knew the following spells:

 Your Spells              Type           Power        Failure   Level  Hunger
a - Spider Form           Tmut/Pois      ###.......   4%          3    ##.....
b - Sticks to Snakes      Tmut           #####...     1%          2    None
c - Ice Form              Ice/Tmut       ####....     4%          4    ####...
d - Blade Hands           Tmut           #####.....   4%          5    #####..


Dungeon Overview and Level Annotations

Branches:
Dungeon (11/15)            Temple (1/1) D:7            Lair (0/6) D:10
    Orc: D:9-12

Altars:
Ashenzari
Cheibriados
Dithmenos
Elyvilon
Fedhas
Gozag
Hepliaklqana
Kikubaaqudgha
Makhleb
Nemelex Xobeh
Okawaru
Qazlal
Ru
Sif Muna
Trog
Uskayaw
Vehumet
Wu Jian
Xom
Yredelemnul
Zin
The Shining One

Shops:
D:4 !   D:7 (

Annotations:
D:11 Urug


Message History

The kobold moves out of view.
The kobold wields a blowgun.
The kobold shoots a poisoned needle.
The poisoned needle completely misses you.
The poisoned needle hits the orc priest!
The orc priest is poisoned.
A big kobold and a centaur come into view.
You feel better.
The centaur moves out of view.
The manticore bites you!
* * * LOW HITPOINT WARNING * * *
The manticore completely misses you. The manticore barely misses you.
The orc priest calls down the wrath of Beogh upon you.
Pain shoots through your body!
* * * LOW HITPOINT WARNING * * *
The orc wizard misses you.
The orc wizard gestures at you while chanting.
You easily resist.
The orc wizard mumbles some strange words.
The orc wizard flickers and vanishes for a moment.
The orc misses you.
The orc priest hits you with a war axe of freezing!
You die...

,,**,,*,,,,,,,,,,,,,***,*
,,,,,,*,*.....,....,,,*,*
,,**,,*,*.....,#..#,,,,,*
,,,,,,,,*......#..#,,,#**
,,,,,,,,,....>....#,,.#
,*,,,,,,,##...(#..#,..#
,,,,,,,,,.....§...#...##*
,*,,,,,,,...#..ooo§.....*
,,,,,,,,,......o@H§...[.*
,*,,,,,,,o###..oo§......*
,*,,,,,,,,* #...K.§..≈..*
,*,,,,≈,,,**#..o....K≈..*
,,,,,,,,,,,.l.....K..≈..*
,,,,,,,,,,.##........≈..*
,,,,,,,,,.,*#...........*
,,,,,,,,,,,*#.K.........*
,,,,,,,,,,,,*,*,,,,**********


You could see a manticore, a wyvern (wandering), a big kobold, 2 orc priests, 3
orc wizards, 3 orcs and 3 kobolds.

Vanquished Creatures
  Erica (D:11)
  5 two-headed ogres
  2 unseen horrors
  2 ugly things (IceCv)
  Psyche (D:11)
  3 ice statues (IceCv)
  A gargoyle (D:10)
  A hippogriff (D:10)
  Grinder (D:3)
  A spriggan (D:9)
  A yak (D:10)
  2 hungry ghosts
  A porcupine (D:10)
  2 sky beasts
  8 ice beasts
  11 orc warriors
  A phantom (D:5)
  3 black bears
  8 ogres
  5 centaurs
  A wyvern zombie (D:10)
  2 big kobolds
  4 bullfrogs
  3 scorpions
  An electric eel (D:11)
  2 bullfrog zombies
  4 crimson imps
  5 hounds
  4 centaur zombies
  A jelly (D:10)
  7 orc priests
  3 bullfrog skeletons
  6 centaur skeletons
  A gnoll shaman (D:6)
  3 iguanas
  13 orc wizards
  9 worker ants
  A hound zombie (D:6)
  2 hound skeletons
  3 gnolls (D:6)
  A howler monkey skeleton (D:5)
  13 adders
  2 shadow imps
  12 white imps (D:11)
  2 adder zombies (D:9)
  2 worms
  2 adder skeletons
  2 dart slugs
  9 leopard geckos
  50 orcs
  6 bats
  5 giant cockroaches
  9 goblins
  6 hobgoblins
  12 jackals
  8 quokkas
  A ball python (D:2)
  A ball python skeleton (D:4)
  8 frilled lizards
  A jackal zombie (D:7)
  21 kobolds
  2 quokka zombies
  6 rats
316 creatures vanquished.

Vanquished Creatures (others)
  8 fungi (D:10)
  6 plants (D:10)
14 creatures vanquished.

Grand Total: 330 creatures vanquished

Notes
Turn   | Place    | Note
-------+----------+-------------------------------------------
     0 | D:1      | Oravi the Merfolk Transmuter began the quest for the Orb.
     0 | D:1      | Reached XP level 1. HP: 15/15 MP: 3/3
    70 | D:1      | Reached XP level 2. HP: 14/21 MP: 3/5
    77 | D:1      | Reached skill level 4 in Unarmed Combat
  1005 | D:2      | Reached XP level 3. HP: 20/26 MP: 4/6
  1009 | D:2      | Learned a level 2 spell: Sticks to Snakes
  1013 | D:2      | Learned a level 3 spell: Spider Form
  1107 | D:2      | Found a shimmering altar of Xom.
  1330 | D:2      | Reached skill level 5 in Unarmed Combat
  1776 | D:2      | Reached XP level 4. HP: 32/32 MP: 3/7
  1802 | D:2      | Found a deep blue altar of Sif Muna.
  1964 | D:3      | Found a faded altar of an unknown god.
  2762 | D:3      | Noticed Grinder
  2777 | D:3      | Killed Grinder
  2777 | D:3      | Reached XP level 5. HP: 9/39 MP: 5/9
  2777 | D:3      | Reached XP level 6. HP: 10/45 MP: 5/10
  3065 | D:3      | Found a glowing silver altar of Zin.
  3358 | D:3      | Reached skill level 6 in Unarmed Combat
  3427 | D:4      | Reached XP level 7. HP: 46/51 MP: 8/11
  3552 | D:4      | Found the cursed necklace of Bloodlust {*Rage +Rage MR++ Int-3 Slay+6 *Curse}
  3638 | D:4      | Found Edytusin's Distillery.
  3641 | D:4      | Bought 2 potions of curing for 60 gold pieces
  3641 | D:4      | Bought a potion of heal wounds for 50 gold pieces
  3641 | D:4      | Bought a potion of curing for 30 gold pieces
  3711 | D:4      | Found an iron altar of Okawaru.
  3736 | D:4      | Became a worshipper of Warmaster Okawaru
  3793 | D:4      | Found a white marble altar of Elyvilon.
  3819 | D:5      | Entered Level 5 of the Dungeon
  4332 | D:5      | Reached * piety under Okawaru
  4384 | D:5      | Reached skill level 5 in Dodging
  4384 | D:5      | Reached skill level 7 in Unarmed Combat
  4384 | D:5      | Reached skill level 5 in Transmutations
  4406 | D:5      | Reached XP level 8. HP: 40/60 MP: 9/13
  4685 | D:5      | Found a radiant altar of Vehumet.
  4856 | D:5      | Reached ** piety under Okawaru
  5370 | D:6      | You fall through a shaft for 3 floors!
  5401 | D:9      | Reached skill level 8 in Unarmed Combat
  5791 | D:8      | Noticed a two-headed ogre
  5804 | D:8      | Killed a two-headed ogre
  5804 | D:8      | Reached *** piety under Okawaru
  5804 | D:8      | Reached skill level 5 in Fighting
  5804 | D:8      | Reached XP level 9. HP: 60/68 MP: 7/16
  6014 | D:8      | Reached skill level 9 in Unarmed Combat
  6183 | D:8      | Reached skill level 5 in Spellcasting
  6927 | D:7      | Reached **** piety under Okawaru
  6971 | D:7      | Found a burning altar of Makhleb.
  7049 | D:7      | Found a bloodstained altar of Trog.
  7067 | D:7      | Found a staircase to the Ecumenical Temple.
  7099 | Temple   | Entered the Ecumenical Temple
  7645 | D:7      | Found Lyom's Weapon Boutique.
  7684 | D:7      | Reached XP level 10. HP: 73/76 MP: 15/18
  8087 | D:6      | Reached skill level 10 in Unarmed Combat
  8624 | D:9      | Noticed a two-headed ogre
  8634 | D:9      | Killed a two-headed ogre
  8740 | D:9      | Found a stormy altar of Qazlal.
  8779 | D:9      | Found a glowing silver altar of Zin.
  8803 | D:9      | Found a basalt altar of Yredelemnul.
  9282 | D:9      | Reached ***** piety under Okawaru
  9759 | D:9      | Learned a level 4 spell: Ice Form
  9765 | D:9      | Learned a level 5 spell: Blade Hands
  9765 | D:9      | Got a warped leather armour
  9766 | D:9      | Identified the cursed +1 leather armour "Owocky" {+Inv} (You took it off an orc on level 9 of the Dungeon)
  9795 | D:10     | Entered Level 10 of the Dungeon
  9880 | D:10     | Noticed an unseen horror
  9902 | D:10     | Killed an unseen horror
  9902 | D:10     | Reached skill level 11 in Unarmed Combat
 10158 | D:10     | Reached XP level 11. HP: 40/84 MP: 16/20
 10374 | D:10     | Found a staircase to the Lair.
 10733 | D:10     | Noticed a two-headed ogre
 10741 | D:10     | Killed a two-headed ogre
 10942 | D:10     | Received a gift from Okawaru
 10943 | D:10     | Got an encrusted ring mail {god gift}
 10947 | D:10     | Identified the +4 ring mail of the Tick {Int+3 Dex+2} (Okawaru gifted it to you on level 10 of the Dungeon)
 11067 | D:10     | Noticed a two-headed ogre
 11077 | D:10     | Killed a two-headed ogre
 11334 | D:11     | Noticed Erica
 11337 | D:11     | Noticed a two-headed ogre
 11356 | D:11     | Killed Erica
 11649 | D:11     | Killed a two-headed ogre
 11666 | D:11     | Reached skill level 5 in Ice Magic
 11718 | D:11     | Found a frozen archway.
 11737 | IceCv    | Entered an ice cave
 11859 | IceCv    | Noticed a white ugly thing
 11869 | IceCv    | Killed a white ugly thing
 11869 | IceCv    | Reached skill level 12 in Unarmed Combat
 11927 | IceCv    | Reached XP level 12. HP: 68/92 MP: 17/22
 12093 | IceCv    | Received a gift from Okawaru
 12093 | IceCv    | Reached skill level 10 in Dodging
 12093 | IceCv    | Reached skill level 10 in Transmutations
 12400 | D:11     | Noticed Psyche
 12409 | D:11     | Killed Psyche
 12413 | D:11     | Noticed Urug
 12416 | D:11     | Slain by an orc priest

Skill      XL: |  1  2  3  4  5  6  7  8  9 10 11 12 |
---------------+-------------------------------------+-----
Unarmed Combat | 4 5 6 7 8 9 11 12 | 12.4
Fighting       | 2 3 5 6 7 8 |  8.3
Dodging        | 3 4 5 6 7 8 9 10 | 10.2
Transmutations | 3 4 5 6 7 8 9 10 | 10.2
Spellcasting   | 3 4 5 6 7 |  7.3
Ice Magic      | 5 6 |  6.0

Action                   |  1- 3 |  4- 6 |  7- 9 | 10-12 || total
-------------------------+-------+-------+-------+-------++-------
Melee: Unarmed           |    95 |    77 |   308 |   448 ||   928
       Headbutt          |     7 |       |       |       ||     7
       Punch             |       |     1 |     1 |     2 ||     4
 Cast: Beastly Appendage |    17 |     2 |       |       ||    19
       Spider Form       |    10 |     9 |    45 |    38 ||   102
       Ice Form          |       |       |       |     7 ||     7
       Blade Hands       |       |       |       |     3 ||     3
Invok: Heroism           |       |       |     1 |    13 ||    14
 Abil: End Transformatio |       |       |       |     4 ||     4
  Use: Scroll            |       |     6 |     2 |    11 ||    19
       Potion            |       |       |     3 |     5 ||     8
 Stab: Sleeping          |     1 |     1 |       |     2 ||     4
  Eat: Chunk             |     4 |     7 |    19 |    15 ||    45
       Ration            |       |       |       |     1 ||     1
Armor: Robe              |     9 |     5 |     3 |     5 ||    22
       Skin              |     1 |     2 |     6 |    13 ||    22
Dodge: Dodged            |    62 |    45 |   277 |   610 ||   994
